 Dungeon Crawl Stone Soup version 0.31.0-32-g396128a36d (webtiles) character file.

Game seed: 1757151962997176304

311 mkat the Chiller (level 6, 0/43 HPs)
             Began as a Merfolk Ice Elementalist on Apr 11, 2024.
             Was an Initiate of Makhleb.
             Slain by a ball python (2 damage)
             ... on level 4 of the Dungeon on Apr 13, 2024.
             The game lasted 00:10:37 (2634 turns).

mkat the Chiller (Merfolk Ice Elementalist)         Turns: 2634, Time: 00:10:38

Health: 0/43       AC:  5    Str:  6 (8)  XL:     6   Next: 42%
Magic:  17/20      EV: 10    Int: 12 (15) God:    Makhleb [......]
Gold:   112        SH:  0    Dex: 14 (16) Spells: 5/12 levels left

rFire   . . .        a - +0 dagger (protect)
rCold   . . .        (no shield)
rNeg    . . .        d - +2 robe {Will+}
rPois   .            (no helmet)
rElec   .            (no cloak)
rCorr   .            (no gloves)
SInv    .            s - +0 pair of boots
Will    ++...        (no amulet)
Stlth   ++           q - ring of willpower
HPRegen 0.27/turn    j - ring of magical power
MPRegen 0.17/turn

%: no passive effects
@: attractive, very slightly contaminated, constricted
A: (nimble swimmer 2), mertail
a: Renounce Religion


You were on level 4 of the Dungeon.
You worshipped Makhleb.
Makhleb was noncommittal.
You visited 2 branches of the dungeon, and saw 5 of its levels.

You collected 112 gold pieces.

Inventory:

Hand Weapons
 a - a +0 dagger of protection (weapon)
 b - a +0 sling
Missiles
 c - 12 stones (quivered)
 f - 2 boomerangs
Armour
 d - a +2 robe of willpower (worn)
 s - a +0 pair of boots (worn)
Jewellery
 e - a ring of positive energy
 j - a ring of magical power (right hand)
 o - a +4 ring of slaying
 q - a ring of willpower (left hand)
Scrolls
 g - 2 scrolls of teleportation {unknown}
 k - a scroll of immolation {unknown}
 l - a scroll of amnesia {unknown}
 m - a scroll of torment {unknown}
 p - a scroll of revelation {unknown}


   Skills:
 + Level 1.2 Fighting
 + Level 1.4 Short Blades
 + Level 0.6 Ranged Weapons
 + Level 0.4 Throwing
 + Level 3.6 Dodging
 + Level 3.4 Stealth
 + Level 0.2 Unarmed Combat
 + Level 3.6 Spellcasting
 + Level 5.8 Ice Magic


You had 5 spell levels left.
You knew the following spells:

 Your Spells              Type           Power      Damage    Failure   Level
a - Freeze                Ice            64%        1d7       1%          1
b - Frozen Ramparts       Ice            32%        1d5       6%          3
c - Ozocubu's Armour      Ice            16%        N/A       6%          3

Your spell library contained the following spells:

 Spells                   Type           Power      Damage    Failure   Level
 Summon Ice Beast         Ice/Summ       9%         N/A       21%         3
 Magic Dart               Conj           8%         1d3       24%         1
 Blink                    Tloc           4%         N/A       34%         2
 Call Imp                 Summ           4%         N/A       34%         2
 Gell's Gravitas          Tloc           2%         N/A       56%         3
 Teleport Other           Tloc           2%         N/A       56%         3
 Dispersal                Tloc           1%         N/A       100%        6


Dungeon Overview and Level Annotations

Branches:
Dungeon (4/15)             Temple (1/1) D:4

Altars:
Cheibriados
Dithmenos
Elyvilon
Fedhas
Gozag
Hepliaklqana
Kikubaaqudgha
Makhleb
Nemelex Xobeh
Okawaru
Ru
Uskayaw
Vehumet
Xom
Yredelemnul
Zin
The Shining One

Annotations:
D:4 Robin


Innate Abilities, Weirdness & Mutations

((You are very nimble when in or above water. (Stealth+, EV+, Speed+++)))
Your lower body shifts to a powerful aquatic tail in water.


Message History

Your magical effects are unravelling.
You feel magically purged.
Your icy armour evaporates.
The ball python bites you but does no damage.
The ball python constricts you.
* * * LOW HITPOINT WARNING * * *
A goblin comes into view. It is wielding a +0 club.
It was a potion of degeneration.
There was something very wrong with that liquid.
You feel weakened.
You feel dopey.
You feel clumsy. The ball python closely misses you.
The ball python constricts you.
A goblin comes into view. It is wielding a +0 club.
It was a potion of attraction.
You feel attractive to monsters. The ball python barely misses you.
The ball python constricts you.
A hobgoblin comes into view.
A goblin comes into view. It is wielding a +0 club.
The ball python bites you.
* * * LOW HITPOINT WARNING * * *
The ball python constricts you. The goblin is attracted toward you. x3
The hobgoblin is attracted toward you. The goblin is attracted toward you.
Casting: Freeze (safe; 1% risk of failure)
Confirm with . or Enter, or press ? or * to list all spells.
You don't have enough magic to cast this spell.
Magic courses through your body. The ball python closely misses you.
The ball python constricts you. Robin throws the goblin at you!
* * * LOW HITPOINT WARNING * * *
A goblin comes into view. It is wielding a +0 dagger.
The goblin hits you with a +0 dagger.
* * * LOW HITPOINT WARNING * * *
A goblin comes into view. It is wielding a +0 club.
The goblin is attracted toward you. x3
Casting: Freeze (safe; 1% risk of failure)
Confirm with . or Enter, or press ? or * to list all spells.
You miscast Ozocubu's Armour.
You are very lightly contaminated with residual magic.
Nothing appears to happen.
The goblin shouts! x2; You hear a shout!
The ball python bites you.
You die...

#.#......# #######.#....
.#.#.....####.........#
#.#.#.#....#..###..####
.>.#....##.#.####.##
#.#.#.#.##...#....#
.#.#.........#.####
#.#........#.#.#
......#........##########.%
#.....#........g@Sgggg§g...
###...#.......♣♣♣♣gg≈§§§.._
##.)#>...#.......gg§§....
##)#....#########g..§.[.
#.#....# ##.§... #.#....#
...#. #.# ########. ###
#.###........ #.##<.#######


You could see Robin, 2 hobgoblins, 7 goblins and a ball python.

Vanquished Creatures
  Edmund (D:4)
  A scorpion (D:4)
  A hound (D:4)
  An iguana (D:4)
  An adder (D:3)
  A dart slug (D:1)
  2 ribbon worms (D:2)
  6 orcs
  7 ball pythons
  5 bats
  5 endoplasms
  A giant cockroach (D:3)
  3 goblins
  5 hobgoblins
  7 kobolds
  4 quokkas
  3 frilled lizards
  5 rats
59 creatures vanquished.

Notes
Turn   | Place    | Note
-------+----------+-------------------------------------------
     0 | D:1      | mkat the Merfolk Ice Elementalist began the quest for the
                  | Orb.
     0 | D:1      | Reached XP level 1. HP: 13/13 MP: 3/3
   239 | D:1      | Reached XP level 2. HP: 10/19 MP: 1/5
   624 | D:1      | Reached XP level 3. HP: 24/24 MP: 3/6
   628 | D:1      | Learned a level 3 spell: Frozen Ramparts
  1263 | D:2      | Reached skill level 5 in Ice Magic
  1965 | D:3      | Reached XP level 4. HP: 27/31 MP: 7/7
  1969 | D:3      | Learned a level 3 spell: Ozocubu's Armour
  1996 | D:3      | Found a glowing golden altar of the Shining One.
  2339 | D:4      | Noticed Edmund
  2437 | D:4      | Reached skill level 1 in Fighting
  2437 | D:4      | Reached skill level 1 in Short Blades
  2443 | D:4      | Reached XP level 5. HP: 22/37 MP: 7/9
  2444 | D:4      | Found a staircase to the Ecumenical Temple.
  2474 | Temple   | Entered the Ecumenical Temple
  2514 | Temple   | Became a worshipper of Makhleb the Destroyer
  2586 | D:4      | Found a radiant altar of Vehumet.
  2619 | D:4      | Noticed Robin
  2622 | D:4      | Killed Edmund
  2623 | D:4      | Reached XP level 6. HP: 9/43 MP: 4/11
  2633 | D:4      | HP: 2/43 [Robin/goblin (2)]
  2634 | D:4      | Slain by a ball python

Illustrated notes

Levels and vault maps discovered:
D:1:      dpeg_arrival_rooms_b, layout_loops_ring, st_stairs_5
D:2:      layout_basic, minmay_unequal
D:3:      layout_basic, lemuel_tele_altar
D:4:      layout_rooms, kennysheep_mini, mainiacjoe_overflow_boulevard,
          minmay_temple_entry_grid, uniq_edmund, uniq_robin
Temple:   hellmonk_temple_two_chambers

Skill      XL: |  1  2  3  4  5 |
---------------+----------------+-----
Ice Magic      | 5 |  5.8
Dodging        | 3 |  3.6
Fighting       | 1 |  1.2
Short Blades   | 1 |  1.4
Stealth        | 3 |  3.4
Spellcasting   | 3 |  3.6
Ranged Weapons | |  0.6
Throwing       | |  0.4
Unarmed Combat | |  0.2

Action                     |  1- 3 |  4- 6 || total
---------------------------+-------+-------++-------
  Melee: Unarmed           |    18 |       ||    18
         Short sword       |    51 |     4 ||    55
         Dagger            |       |    41 ||    41
   Fire: Sling             |    14 |     5 ||    19
  Throw: Stone             |     8 |     5 ||    13
   Cast: Freeze            |    26 |    11 ||    37
         Frozen Ramparts   |    12 |     6 ||    18
         Ozocubu's Armour  |       |     5 ||     5
    Use: Scroll            |     1 |       ||     1
         Potion            |     1 |     4 ||     5
   Stab: Sleeping          |     7 |     3 ||    10
 Armour: Robe              |    46 |    39 ||    85
  Dodge: Dodged            |    55 |    42 ||    97
